 Dungeon Crawl Stone Soup version 0.20.0-15-g7f486f2 (webtiles) character file.

116 polpettosauro the Chopper (level 5, 0/47 HPs)
             Began as a Hill Orc Berserker on July 1, 2017.
             Was a Believer of Trog.
             Slain by Crazy Yiuf
             ... wielding a +3 quarterstaff of chaos
              (15 damage)
             ... while paralysed by Crazy Yiuf
             ... on level 4 of the Dungeon.
             The game lasted 00:16:41 (3402 turns).

polpettosauro the Chopper (Hill Orc Berserker)      Turns: 3402, Time: 00:16:42

Health: 0/47       AC:  2    Str: 21    XL:     5   Next: 1%
Magic:  5/5        EV:  2    Int:  7    God:    Trog [**....]
Gold:   148        SH:  0    Dex: 10    Spells: 4/4 levels left

rFire    . . .     SeeInvis .   h - +0 flail
rCold    . . .     Gourm    .   (no shield)
rNeg     . . .     Faith    .   b - +0 animal skin
rPois    .         Spirit   .   (no helmet)
rElec    .         Reflect  .   (no cloak)
rCorr    +         Harm     +   (no gloves)
MR       .....                  (no boots)
Stlth    +.........             k - amulet of harm
Regen    0.2/turn               l - ring of resist corrosion
MPRegen  0.1/turn               (no ring)

@: paralysed, hasted, drained
A: no striking features
a: Berserk, Trog's Hand, Burn Spellbooks, Renounce Religion


You were on level 4 of the Dungeon.
You worshipped Trog.
Trog was pleased with you.
You were near starving.

You visited 1 branch of the dungeon, and saw 4 of its levels.

You collected 148 gold pieces.

Inventory:

Hand Weapons
 a - a +0 hand axe
 h - a +0 flail (weapon)
Armour
 b - a +0 animal skin (worn)
Jewellery
 i - a +3 amulet of reflection {unknown}
 k - an amulet of harm (around neck)
 l - a ring of resist corrosion (left hand)
Scrolls
 d - 3 scrolls of fear {unknown}
 e - 4 scrolls of identify {unknown}
 f - 2 scrolls of remove curse {unknown}
 j - a scroll of amnesia {unknown}
 o - a scroll of immolation {unknown}
Potions
 g - a potion of curing {unknown}
 m - a potion of lignification {unknown}
 p - a potion of haste {unknown}
 r - a potion of magic {unknown}
 s - a potion of berserk rage {unknown}
Comestibles
 c - 3 bread rations
 n - 4 fruits
 q - a meat ration


   Skills:
 + Level 4.6(4.4) Fighting
 + Level 5.0 Axes
 + Level 1.9(3.0) Maces & Flails
 + Level 2.4(2.1) Armour
 + Level 2.3(2.1) Dodging


You had 4 spell levels left.
You didn't know any spells.

Dungeon Overview and Level Annotations

Branches:
Dungeon (4/15)
 Temple: D:4-7

Altars:
Kikubaaqudgha
Qazlal
Uskayaw
Vehumet
Xom

Annotations:
D:4 Crazy Yiuf


Message History

Crazy Yiuf is severely wounded.
Crazy Yiuf hits you with a quarterstaff of chaos.
You feel drained.
You hit Crazy Yiuf but do no damage.
Crazy Yiuf is severely wounded.
Crazy Yiuf misses you.
You hit Crazy Yiuf but do no damage.
Crazy Yiuf is severely wounded.
Crazy Yiuf hits you with a quarterstaff of chaos.
You closely miss Crazy Yiuf.
Crazy Yiuf is severely wounded.
You barely miss Crazy Yiuf.
Crazy Yiuf is severely wounded.
Crazy Yiuf hits you with a quarterstaff of chaos.
You suddenly lose the ability to move!
Crazy Yiuf hits you with a quarterstaff of chaos!
* * * LOW HITPOINT WARNING * * *
You shrug off the repeated paralysis!
Crazy Yiuf hits you with a quarterstaff of chaos!
You die...

...#.##########.#########
##...######## #...<.....#
#####.<...... #..######.#
.......###### ####
.####..# #.....#
#>....##♣♣ ####
#........♣♣ ♣♣#..)#
####......♣♣♣♣.@g..#
#.........♣..♣#...#
#.###....♣.♣♣♣ #### #.
###♣♣♣♣♣ #


You could see Crazy Yiuf.

Vanquished Creatures
  A gnoll (D:1)
  5 adders
  A worm (D:2)
  3 orcs (D:3)
  4 giant cockroaches
  5 goblins
  9 hobgoblins
  3 jackals (D:1)
  3 kobolds
  A quokka (D:2)
  9 bats
  3 frilled lizards
  7 rats
54 creatures vanquished.

Notes
Turn   | Place    | Note
-------+----------+-------------------------------------------
     0 | D:1      | polpettosauro the Hill Orc Berserker began the quest for the Orb.
     0 | D:1      | Reached XP level 1. HP: 19/19 MP: 1/1
   363 | D:1      | Reached XP level 2. HP: 25/27 MP: 2/2
   857 | D:1      | Reached ** piety under Trog
   962 | D:1      | Reached XP level 3. HP: 30/33 MP: 3/3
  1114 | D:1      | You fall through a shaft!
  1385 | D:2      | Found a radiant altar of Vehumet.
  1385 | D:2      | Found a hide-covered altar of Uskayaw.
  1393 | D:2      | Found an ancient bone altar of Kikubaaqudgha.
  1400 | D:2      | Found a faded altar of an unknown god.
  1402 | D:2      | Found a shimmering altar of Xom.
  1765 | D:2      | Reached XP level 4. HP: 6/41 MP: 4/4
  2065 | D:2      | Found a faded altar of an unknown god.
  2512 | D:2      | Reached skill level 5 in Axes
  2623 | D:2      | Reached skill level 1 in Maces & Flails
  3187 | D:3      | Reached XP level 5. HP: 47/47 MP: 5/5
  3203 | D:3      | Found a stormy altar of Qazlal.
  3251 | D:3      | Noticed a phantom
  3388 | D:4      | Found a runed door.
  3392 | D:4      | Noticed Crazy Yiuf
  3400 | D:4      | Paralysed by Crazy Yiuf for 2 turns
  3402 | D:4      | Slain by Crazy Yiuf

Skill      XL: |  1  2  3  4 |
---------------+-------------+-----
Fighting       | 4 |  4.6
Dodging        | 2 |  2.3
Axes           | 5 |  5.0
Maces & Flails | 1 |  1.9
Armour         | |  2.4

Action                   |  1- 3 |  4- 6 || total
-------------------------+-------+-------++-------
Melee: Hand axe          |    55 |       ||    55
       Flail             |    40 |    77 ||   117
Invok: Berserk           |     3 |     1 ||     4
  Eat: Chunk             |     5 |       ||     5
       Meat ration       |       |     1 ||     1
Armor: Animal skin       |    21 |    16 ||    37
Dodge: Dodged            |    94 |    69 ||   163
